 Dungeon Crawl Stone Soup version 0.19.4-10-g532645f (webtiles) character file.

143 Kosschaser the Bolt Thrower (level 5, -15/31 HPs)
             Began as a Kobold Hunter on Feb 24, 2017.
             Killed by divine providence
             ... invoked by an orc priest
              (16 damage)
             ... on level 4 of the Dungeon.
             The game lasted 00:16:05 (2870 turns).

Kosschaser the Bolt Thrower (Kobold Hunter)         Turns: 2870, Time: 00:16:07

Health: -15/31     AC:  4    Str:  9    XL:     5   Next: 50%
Magic:  5/5        EV: 15    Int: 12    God:
Gold:   240        SH:  0    Dex: 17    Spells: 0 memorised, 4 levels left

rFire  . . .     SeeInvis +     q - +1 short sword (venom)
rCold  + . .     Gourm    .     c - +0 leather armour
rNeg   . . .     Faith    .     (shield restricted)
rPois  .         Spirit   .     (no helmet)
rElec  .         Reflect  .     (no cloak)
rCorr  .         Harm     .     g - +0 pair of gloves
MR     .....                    (no boots)
Stlth  ++........               (no amulet)
                                r - ring of protection from cold
                                o - ring of see invisible

@: no status effects
A: carnivore 3
a: no special abilities


You were on level 4 of the Dungeon.
You were very full.

You visited 1 branch of the dungeon, and saw 4 of its levels.

You collected 240 gold pieces.

Inventory:

Hand Weapons
 a - a +1 hand crossbow
 h - a +0 short sword of electrocution
 q - a +1 short sword of venom (weapon)
Missiles
 d - 21 bolts
Armour
 c - a +0 leather armour (worn)
 g - a +0 pair of gloves (worn)
Jewellery
 o - a ring of see invisible (left hand)
 r - a ring of protection from cold (right hand)
 v - an uncursed amulet of faith
Wands
 w - a wand of hasting (2/9)
Scrolls
 i - a scroll of enchant weapon {unknown}
 j - a scroll of identify {unknown}
 k - 2 scrolls of remove curse {unknown}
 m - 2 scrolls of recharging {unknown}
 s - a scroll of fear {unknown}
 t - 3 scrolls of magic mapping {unknown}
 u - a scroll of enchant armour {unknown}
Potions
 b - 2 potions of mutation {unknown}
 e - a potion of magic {unknown}
 l - 3 potions of heal wounds {unknown}
 n - a potion of flight {unknown}
Comestibles
 f - a meat ration
 p - a beef jerky


   Skills:
 + Level 2.6 Fighting
 + Level 1.3 Short Blades
 + Level 6.3 Crossbows
 + Level 1.0 Armour
 + Level 2.9 Dodging
 * Level 3.2 Stealth


You had 4 spell levels left.
You didn't know any spells.

Dungeon Overview and Level Annotations

Branches:
Dungeon (4/15)
 Temple: D:4-7

Altars:
Cheibriados

Annotations:
D:3 Yarinad's ghost, amateur HuFi


Innate Abilities, Weirdness & Mutations

You are small and have problems with some larger weapons.
You are carnivorous and can eat meat at any time.


Message History

The orc priest calls down the wrath of Beogh upon you.
Beogh smites you!
* * * LOW HITPOINT WARNING * * *
An orc comes into view. It is wielding a mace.
The orc shouts!
Okay, then.
You hit the orc priest.
The orc priest is poisoned.
The orc priest is moderately wounded.
The orc priest hits you but does no damage.
The orc moves out of view.
You closely miss the orc priest.
The orc priest is heavily wounded.
The orc priest closely misses you.
You hit the orc priest but do no damage.
The orc priest looks as sick as possible!
The orc priest is heavily wounded.
The orc priest invokes the aid of Beogh against you.
Beogh smites you!
Ouch! That really hurt!
You die... .oh###### .oolhlo.#

#@# .... #.# ###
.#.# ##.## #.# .#.#
#...###.#.## .#.# .
#.#....###.##.#.##.
#.....).#..........
###...##.###.##.#..
...................
###.......##.##.#..


You could see an orc priest, 3 orcs, 2 jackals and 2 frilled lizards.

Vanquished Creatures
  3 adders (D:3)
  4 gnolls (D:2)
  An ooze (D:1)
  A dart slug (D:2)
  A leopard gecko (D:3)
  An orc (D:3)
  5 giant cockroaches
  4 goblins
  8 hobgoblins
  4 jackals
  9 kobolds
  2 quokkas
  3 ball pythons
  3 bats
  4 frilled lizards
  A leopard gecko skeleton (D:3)
  15 rats
69 creatures vanquished.

Notes
Turn   | Place    | Note
-------+----------+-------------------------------------------
     0 | D:1      | Kosschaser the Kobold Hunter began the quest for the Orb.
     0 | D:1      | Reached XP level 1. HP: 12/12 MP: 1/1
    26 | D:1      | Reached skill level 5 in Crossbows
   147 | D:1      | Reached XP level 2. HP: 16/17 MP: 2/2
   456 | D:1      | Reached XP level 3. HP: 21/21 MP: 3/3
   548 | D:1      | Reached skill level 1 in Short Blades
   982 | D:2      | Reached XP level 4. HP: 22/27 MP: 4/4
  1167 | D:2      | Reached skill level 6 in Crossbows
  1288 | D:2      | Found a faded altar of an unknown god.
  2132 | D:3      | Found a snail-covered altar of Cheibriados.
  2132 | D:3      | Found a faded altar of an unknown god.
  2137 | D:3      | Reached XP level 5. HP: 31/31 MP: 5/5
  2140 | D:3      | Found a faded altar of an unknown god.
  2142 | D:3      | Found a faded altar of an unknown god.
  2143 | D:3      | Found a faded altar of an unknown god.
  2222 | D:3      | Noticed Yarinad's ghost (amateur HuFi)
  2349 | D:3      | Reached skill level 1 in Armour
  2458 | D:3      | HP: 1/31 [orc priest/divine providence (12)]
  2867 | D:4      | HP: 1/31 [orc priest/divine providence (12)]
  2870 | D:4      | Killed from afar by an orc priest

Skill      XL: |  1  2  3  4  5 |
---------------+----------------+-----
Crossbows      | 5 6 |  6.3
Stealth        | 2 3 |  3.2
Short Blades   | 1 |  1.3
Armour         | 1 |  1.0
Fighting       | |  2.6
Dodging        | |  2.9

Action                   |  1- 3 |  4- 6 || total
-------------------------+-------+-------++-------
Melee: Short sword       |    12 |    64 ||    76
 Fire: Hand crossbow     |    56 |    48 ||   104
 Stab: Sleeping          |       |     1 ||     1
  Eat: Chunk             |     5 |     7 ||    12
Armor: Leather armour    |     5 |    10 ||    15
Dodge: Dodged            |    10 |    56 ||    66
